HSSL
RANDALL HS RAIDERS @ FRESNO HS RED WINGS
05/10/2026
 
TOP OF THE 1ST
Randall HS Raiders batting - Pitching for Fresno HS Red Wings : RHP Jeff Finley
Pitching: RHP Jeff Finley
Batting: RHB Phil Hacker 0-0: Ball
1-0: Swinging Strike
1-1: Called Strike
1-2: Ball
2-2: SINGLE (Groundball, 6MD)
Batting: RHB Jake Reeves 0-0: Swinging Strike
0-1: SINGLE (Line Drive, 6MD)
Phil Hacker to second
Batting: RHB Alex Miller 0-0: Swinging Strike
0-1: Ball
1-1: Swinging Strike
1-2: Ball
2-2: Ball
3-2: Foul Ball, location: 2F
3-2: Base on Balls
Phil Hacker to third
Jake Reeves to second
Batting: LHB John Roberts 0-0: Ball
1-0: Ball
2-0: Fielders Choice at 2nd, 4-6 (Groundball, 4)
Phil Hacker scores
Jake Reeves to third
Batting: RHB Derek Hartman 0-0: Called Strike
0-1: Called Strike
0-2: Ball
1-2: SINGLE (Line Drive, 9S)
Jake Reeves scores
John Roberts to second
Runner from 2nd tries for 3rd, SAFE, no throw or cutoff
Batting: SHB Howard Romero 0-0: Called Strike
0-1: Ball
1-1: Foul Ball, location: 2F
1-2: Fielders Choice at 2nd, 4-6 (Groundball, 4)
John Roberts scores
Batting: RHB Flynn Roberts 0-0: SINGLE (Line Drive, 89S)
Howard Romero to second
Batting: LHB Luis Antonio Cortéz 0-0: Fly out, F7 (Flyball, 78M)
Top of the 1st over - 3 run(s), 4 hit(s), 0 error(s), 2 left on base; Randall HS 3 - Fresno HS 0
BOTTOM OF THE 1ST
Fresno HS Red Wings batting - Pitching for Randall HS Raiders : RHP Allen Cronk
Pitching: RHP Allen Cronk
Batting: RHB Chris Osborn 0-0: Foul Ball, location: 2F
0-1: Ball
1-1: Ball
2-1: Foul Ball, location: 2F
2-2: Strikes out swinging
Batting: LHB Jack Mitchell 0-0: Fly out, F8 (Flyball, 8RM)
Batting: RHB Jack Hogan 0-0: Swinging Strike
0-1: Foul Ball, location: 2F
0-2: Ball
1-2: Foul Ball, location: 2F
1-2: Ball
2-2: Ball
3-2: Strikes out swinging
Bottom of the 1st over - 0 run(s), 0 hit(s), 0 error(s), 0 left on base; Randall HS 3 - Fresno HS 0
TOP OF THE 2ND
Randall HS Raiders batting - Pitching for Fresno HS Red Wings : RHP Jeff Finley
Batting: RHB Stephen McNeely 0-0: Ball
1-0: Called Strike
1-1: Fly out, F4 (Line Drive, 4)
Batting: RHB Phil Hacker 0-0: Fly out, F9 (Flyball, 89M)
Batting: RHB Jake Reeves 0-0: Called Strike
0-1: Ball
1-1: Swinging Strike
1-2: Ground out 6-3 (Groundball, 6)
Top of the 2nd over - 0 run(s), 0 hit(s), 0 error(s), 0 left on base; Randall HS 3 - Fresno HS 0
BOTTOM OF THE 2ND
Fresno HS Red Wings batting - Pitching for Randall HS Raiders : RHP Allen Cronk
Batting: RHB Juan Bruno 0-0: Called Strike
0-1: Foul Ball, location: 2F
0-2: Ball
1-2: Ball
2-2: Foul Ball, location: 2F
2-2: Foul Ball, location: 2F
2-2: Strikes out looking
Batting: RHB Ward Dempsey 0-0: Fly out, F7 (Flyball, 7M)
Batting: RHB Bobby Burks 0-0: Called Strike
0-1: Ground out 5-3 (Groundball, 5S)
Bottom of the 2nd over - 0 run(s), 0 hit(s), 0 error(s), 0 left on base; Randall HS 3 - Fresno HS 0
TOP OF THE 3RD
Randall HS Raiders batting - Pitching for Fresno HS Red Wings : RHP Jeff Finley
Batting: RHB Alex Miller 0-0: Foul Ball, location: 2F
0-1: Ball
1-1: Ball
2-1: Foul Ball, location: 2F
2-2: SINGLE (Line Drive, 6MD)
Batting: LHB John Roberts 0-0: Ball
1-0: Foul Ball, location: 2F
1-1: Foul Ball, location: 2F
1-2: Ball
2-2: Strikes out swinging
Batting: RHB Derek Hartman 0-0: Ball
1-0: Swinging Strike
1-1: Called Strike
Alex Miller is caught stealing 2nd base
1-2: Ground out 5-3 (Groundball, 5S)
Top of the 3rd over - 0 run(s), 1 hit(s), 0 error(s), 0 left on base; Randall HS 3 - Fresno HS 0
BOTTOM OF THE 3RD
Fresno HS Red Wings batting - Pitching for Randall HS Raiders : RHP Allen Cronk
Batting: RHB Drew Rice 0-0: Called Strike
0-1: Foul Ball, location: 2F
0-2: Ball
1-2: Strikes out swinging
Batting: RHB Joel García 0-0: Called Strike
0-1: Ball
1-1: Ball
2-1: Foul Ball, location: 2F
2-2: Ball
3-2: Fly out, F5 (Popup, 5F)
Batting: RHB Harvey Willis 0-0: Ball
1-0: SINGLE (Groundball, 6M)
Batting: RHB Chris Osborn 0-0: Foul Ball, location: 2F
0-1: Swinging Strike
0-2: Foul Ball, location: 2F
0-2: Foul Ball, location: 2F
0-2: Ball
1-2: Fielders Choice at 2nd, 6-4 (Groundball, 6)
Bottom of the 3rd over - 0 run(s), 1 hit(s), 0 error(s), 0 left on base; Randall HS 3 - Fresno HS 0
TOP OF THE 4TH
Randall HS Raiders batting - Pitching for Fresno HS Red Wings : RHP Jeff Finley
Batting: SHB Howard Romero 0-0: Ball
1-0: Ball
2-0: Ball
3-0: Called Strike
3-1: Swinging Strike
3-2: Base on Balls
Batting: RHB Flynn Roberts 0-0: Ball
1-0: SINGLE (Flyball, 9S)
Howard Romero to second
Runner from 2nd tries for 3rd, SAFE, throw made to third
Batting: LHB Luis Antonio Cortéz 0-0: Ball
1-0: Called Strike
1-1: Swinging Strike
1-2: Strikes out swinging
Batting: RHB Stephen McNeely 0-0: Reached on error, E6 (Groundball, 6M)
Howard Romero scores
Flynn Roberts to second
Batting: RHB Phil Hacker 0-0: Ball
1-0: Swinging Strike
1-1: Foul Ball, location: 2F
1-2: SINGLE (Line Drive, 7LS)
Flynn Roberts to third
Stephen McNeely to second
Batting: RHB Jake Reeves 0-0: Ball
1-0: Ball
2-0: Foul Ball, location: 2F
2-1: GRAND SLAM HOME RUN (Flyball, 78XD), Distance : 361 ft
Pitching: RHP David Tuttle
Batting: RHB Alex Miller 0-0: Ball
1-0: Called Strike
1-1: Foul Ball, location: 2F
1-2: Strikes out swinging
Batting: LHB John Roberts 0-0: Ball
1-0: Called Strike
1-1: Ball
2-1: Ball
3-1: Base on Balls
Batting: RHB Derek Hartman 0-0: Ball
1-0: Foul Ball, location: 2F
1-1: Foul Ball, location: 2F
1-2: Strikes out swinging
Top of the 4th over - 5 run(s), 3 hit(s), 1 error(s), 1 left on base; Randall HS 8 - Fresno HS 0
BOTTOM OF THE 4TH
Fresno HS Red Wings batting - Pitching for Randall HS Raiders : RHP Allen Cronk
Batting: LHB Jack Mitchell 0-0: Ball
1-0: SOLO HOME RUN (Flyball, 9LD), Distance : 325 ft
Batting: RHB Jack Hogan 0-0: Ball
1-0: SOLO HOME RUN (Line Drive, 78XD), Distance : 378 ft
Batting: RHB Juan Bruno 0-0: Ball
1-0: Ball
2-0: Ball
3-0: Base on Balls
Batting: RHB Ward Dempsey 0-0: Fly out, F7 (Flyball, 78S)
Batting: RHB Bobby Burks 0-0: Called Strike
0-1: Swinging Strike
0-2: Grounds into double play, 4-6-3 (Groundball, 34)
Bottom of the 4th over - 2 run(s), 2 hit(s), 0 error(s), 0 left on base; Randall HS 8 - Fresno HS 2
TOP OF THE 5TH
Randall HS Raiders batting - Pitching for Fresno HS Red Wings : RHP David Tuttle
Batting: SHB Howard Romero 0-0: Ball
1-0: Foul Ball, location: 2F
1-1: Ball
2-1: Ball
3-1: Called Strike
3-2: Strikes out swinging
Batting: RHB Flynn Roberts 0-0: Ball
1-0: Swinging Strike
1-1: Called Strike
1-2: Ball
2-2: Strikes out looking
Batting: LHB Luis Antonio Cortéz 0-0: Foul Ball, location: 2F
0-1: Foul Ball, location: 2F
0-2: Strikes out swinging
Top of the 5th over - 0 run(s), 0 hit(s), 0 error(s), 0 left on base; Randall HS 8 - Fresno HS 2
BOTTOM OF THE 5TH
Fresno HS Red Wings batting - Pitching for Randall HS Raiders : RHP Allen Cronk
Batting: RHB Drew Rice 0-0: Called Strike
0-1: Ground out 6-3 (Groundball, 6)
Batting: RHB Joel García 0-0: Swinging Strike
0-1: Ball
1-1: Fly out, F7 (Flyball, 7D)
Batting: RHB Harvey Willis 0-0: Foul Ball, location: 2F
0-1: SINGLE (Groundball, 6MD)
Batting: RHB Chris Osborn 0-0: Ball
1-0: SINGLE (Line Drive, 56)
Harvey Willis to second
Batting: LHB Jack Mitchell 0-0: Fly out, F8 (Flyball, 8LXD)
Bottom of the 5th over - 0 run(s), 2 hit(s), 0 error(s), 2 left on base; Randall HS 8 - Fresno HS 2
TOP OF THE 6TH
Randall HS Raiders batting - Pitching for Fresno HS Red Wings : RHP David Tuttle
Batting: RHB Stephen McNeely 0-0: Foul Ball, location: 2F
0-1: Swinging Strike
0-2: Ball
1-2: Strikes out looking
Batting: RHB Phil Hacker 0-0: Ball
1-0: SINGLE (Groundball, 6M)
Batting: RHB Jake Reeves 0-0: Ball
1-0: Called Strike
1-1: Swinging Strike
1-2: Ball
2-2: Ball
3-2: Foul Ball, location: 2F
3-2: Base on Balls
Phil Hacker to second
Batting: RHB Alex Miller 0-0: Called Strike
0-1: Ball
1-1: Ball
Wild Pitch!
Phil Hacker to third
Jake Reeves to second
2-1: SINGLE (Flyball, 89S)
Phil Hacker scores
Jake Reeves to third
Batting: LHB John Roberts 0-0: Ball
1-0: Called Strike
1-1: Foul Ball, location: 2F
1-2: TRIPLE (Flyball, 8LD)
Jake Reeves scores
Alex Miller scores
Batting: RHB Derek Hartman 0-0: Ball
1-0: Called Strike
1-1: Foul Ball, location: 2F
1-2: Ball
2-2: Strikes out looking
Batting: SHB Howard Romero 0-0: Fly out, F6 (Popup, 6)
Top of the 6th over - 3 run(s), 3 hit(s), 0 error(s), 1 left on base; Randall HS 11 - Fresno HS 2
BOTTOM OF THE 6TH
Fresno HS Red Wings batting - Pitching for Randall HS Raiders : RHP Allen Cronk
Batting: RHB Jack Hogan 0-0: Swinging Strike
0-1: Foul Ball, location: 2F
0-2: Ball
1-2: Strikes out swinging
Batting: RHB Juan Bruno 0-0: Called Strike
0-1: Called Strike
0-2: Foul Ball, location: 2F
0-2: Ball
1-2: Ball
2-2: Ball
3-2: Foul Ball, location: 2F
3-2: Fly out, F8 (Line Drive, 8RS)
Batting: RHB Ward Dempsey 0-0: SINGLE (Line Drive, 89S)
Batting: RHB Bobby Burks 0-0: Ground out 6-3 (Groundball, 56)
Bottom of the 6th over - 0 run(s), 1 hit(s), 0 error(s), 1 left on base; Randall HS 11 - Fresno HS 2
TOP OF THE 7TH
Randall HS Raiders batting - Pitching for Fresno HS Red Wings : RHP David Tuttle
Pitching: RHP Michael Collins
Batting: RHB Flynn Roberts 0-0: Foul Ball, location: 2F
0-1: Swinging Strike
0-2: Foul Ball, location: 2F
0-2: Hit by Pitch
Batting: LHB Luis Antonio Cortéz 0-0: Bunted foul
0-1: Sac Bunt - play at second, runner OUT! 1-6
Batting: RHB Cisco Villa 0-0: Called Strike
0-1: Swinging Strike
0-2: Ball
1-2: Ball
2-2: Strikes out swinging
Batting: RHB Phil Hacker 0-0: Ball
1-0: Called Strike
1-1: SINGLE (Groundball, 6MD)
Luis Antonio Cortéz to second
Throwing error, E8
Luis Antonio Cortéz scores
Phil Hacker to second
Batting: RHB Jake Reeves 0-0: Foul Ball, location: 2F
0-1: Ball
1-1: Fly out, F8 (Flyball, 8LM)
Top of the 7th over - 1 run(s), 1 hit(s), 1 error(s), 1 left on base; Randall HS 12 - Fresno HS 2
BOTTOM OF THE 7TH
Fresno HS Red Wings batting - Pitching for Randall HS Raiders : RHP Allen Cronk
Batting: RHB Drew Rice 0-0: Fly out, F9 (Flyball, 9M)
Batting: RHB Joel García 0-0: Swinging Strike
0-1: Swinging Strike
0-2: Ball
1-2: Ground out 1-3 (Groundball, 15)
Batting: RHB Harvey Willis 0-0: Ball
1-0: Called Strike
1-1: Ball
2-1: Foul Ball, location: 2F
2-2: Ground out U3 (Groundball, 3)
Bottom of the 7th over - 0 run(s), 0 hit(s), 0 error(s), 0 left on base; Randall HS 12 - Fresno HS 2
TOP OF THE 8TH
Randall HS Raiders batting - Pitching for Fresno HS Red Wings : RHP Michael Collins
Batting: RHB Alex Miller 0-0: Called Strike
0-1: SINGLE (Flyball, 8LS)
Batting: LHB John Roberts 0-0: Ball
1-0: Called Strike
1-1: Foul Ball, location: 2F
1-2: Strikes out swinging
Batting: RHB Derek Hartman 0-0: Foul Ball, location: 2F
0-1: Ball
1-1: Grounds into double play, 5-4-3 (Groundball, 56)
Top of the 8th over - 0 run(s), 1 hit(s), 0 error(s), 0 left on base; Randall HS 12 - Fresno HS 2
BOTTOM OF THE 8TH
Fresno HS Red Wings batting - Pitching for Randall HS Raiders : RHP Allen Cronk
Pitching: RHP Javier Rodríguez
Batting: RHB Chris Osborn 0-0: Ball
1-0: Ball
2-0: Ball
3-0: Called Strike
3-1: Base on Balls
Batting: LHB Jack Mitchell 0-0: Ball
1-0: Ball
2-0: Fly out, F8 (Flyball, 8LM)
Batting: RHB Jack Hogan 0-0: Ball
1-0: SINGLE (Groundball, 4)
Chris Osborn to second
Runner from 2nd tries for 3rd, SAFE, throw made to third
Batting: RHB Juan Bruno 0-0: Ball
1-0: Ball
2-0: Fly out, F8 (Flyball, 8RM)
Runner from 3rd tags up, SCORES, no throw
Batting: RHB Ward Dempsey 0-0: Ball
1-0: Swinging Strike
1-1: Ball
2-1: Swinging Strike
2-2: Foul Ball, location: 2F
2-2: Strikes out swinging
Bottom of the 8th over - 1 run(s), 1 hit(s), 0 error(s), 1 left on base; Randall HS 12 - Fresno HS 3
TOP OF THE 9TH
Randall HS Raiders batting - Pitching for Fresno HS Red Wings : RHP Michael Collins
Pitching: RHP Jake Gregory
Batting: SHB Howard Romero 0-0: Ball
1-0: Ball
2-0: Ball
3-0: Base on Balls
Batting: RHB Flynn Roberts 0-0: Sac Bunt - play at first, batter OUT! 1-3
Howard Romero to second
Batting: LHB Luis Antonio Cortéz 0-0: Called Strike
0-1: Ball
1-1: Ground out 4-3 (Groundball, 4)
Howard Romero to third
Batting: RHB Cisco Villa 0-0: Ball
1-0: Called Strike
1-1: Swinging Strike
1-2: Foul Ball, location: 2F
1-2: Strikes out swinging
Top of the 9th over - 0 run(s), 0 hit(s), 0 error(s), 1 left on base; Randall HS 12 - Fresno HS 3
BOTTOM OF THE 9TH
Fresno HS Red Wings batting - Pitching for Randall HS Raiders : RHP Javier Rodríguez
Batting: RHB Bobby Burks 0-0: Called Strike
0-1: Called Strike
0-2: Ball
1-2: Ball
2-2: Foul Ball, location: 2F
2-2: Ball
3-2: Base on Balls
Batting: RHB Drew Rice 0-0: Foul Ball, location: 2F
0-1: Grounds into double play, 5-4-3 (Groundball, 56)
Batting: RHB Joel García 0-0: Ball
1-0: DOUBLE (Line Drive, 7LS)
Pinch Runner at 2nd Matt Snow:
Batting: RHB Harvey Willis 0-0: Called Strike
0-1: Ball
1-1: Called Strike
1-2: Ground out 4-3 (Groundball, 13)
Bottom of the 9th over - 0 run(s), 1 hit(s), 0 error(s), 1 left on base; Randall HS 12 - Fresno HS 3
Monday, December 5th, 2016 - OOTP Baseball 17.12 Build 75